Map: Cyber Forest LE

Players

Lambo

  • Race: Zerg Zerg
  • League: Master
  • Spawn Location: 11:00

GOReynor (Reynor) - Winner!

  • Race: Zerg Zerg
  • League: Master
  • Spawn Location: 5:00

Event: QLASH StarCraft II Invitational 2 Offline Finals

VOD

Have the link to the VOD?

Description

Time

  • Played on: July 27, 2019, 2:38 p.m.
  • Length: 7:03

All games in this series

Show
View Real Time Build Order
Export as new Build Order

Lambo Zerg 

Build Orders: Pool First 

Get SALT Encoding   

  12  0:17  Spawning Pool  
  11  0:22  Drone  
  11  0:26  Drone  
  13  0:30  Drone  
  14  0:39  Overlord  
  14  1:03  Zergling x4  
  16  1:05  Zergling x2  
  17  1:15  Zergling x2  
  17  1:18  Hatchery  
  17  1:27  Zergling x2  
  18  1:33  Queen  
  18  1:38  Drone  
  21  1:48  Overlord  
  21  1:59  Extractor  
  20  2:02  Drone  
  21  2:08  Queen  
  21  2:14  Drone  
  19  2:23  Drone  
  19  2:29  Queen  
  18  2:30  Zergling x2  
  18  2:33  Zergling x2  
  22  2:40  Drone  
  22  2:42  Drone  
  24  2:45  Drone  
  24  2:50  Drone  
  26  2:54  Drone  
  27  3:03  Metabolic Boost  
  27  3:05  Drone  
  27  3:09  Drone  
  28  3:13  Drone x2  
  28  3:19  Overlord  
  30  3:27  Overlord  
  30  3:37  Drone x5  
  35  3:46  Drone x2  
  35  3:48  Drone  
  38  3:52  Drone  
  38  3:54  Drone x3  
  42  3:58  Evolution Chamber  
  41  4:08  Hatchery  
  40  4:11  Overlord  
  40  4:13  Drone  
  41  4:17  Zergling x4  
  41  4:21  Extractor  
  41  4:22  Drone, Extractor  
  42  4:27  Zerg Missile Weapons Level 1  
  42  4:28  Drone  
  42  4:30  Drone x2  
  45  4:32  Zergling x2  
  45  4:33  Drone  
  45  4:37  Drone x2  
  49  4:42  Roach Warren  
  49  4:43  Drone  
  49  4:46  Drone  
  49  4:47  Drone  
  49  4:52  Overlord  
  51  4:56  Overlord  
  51  5:01  Lair  
  51  5:12  Drone  
  51  5:13  Drone  
  53  5:21  Queen  
  53  5:22  Roach x5  
  53  5:26  Roach x2  
  69  5:31  Roach x2  
  73  5:37  Overlord  
  73  5:42  Overlord  
  73  5:44  Overlord  
  73  5:56  Roach x4  
  81  5:59  Overlord  
  81  6:02  Roach x4  
  89  6:05  Roach  
  89  6:07  Overlord  
  89  6:10  Overlord  
  91  6:13  Overlord  
  91  6:16  Overlord  
  91  6:18  Ravager, Overlord  
  90  6:22  Roach  
  93  6:28  Roach x2  
  97  6:34  Roach x2  
  97  6:38  Roach  
  97  6:39  Roach  
  99  6:41  Roach x2  
Show
View Real Time Build Order
Export as new Build Order

GOReynor Zerg - Winner!

Build Orders: Pool First 

Get SALT Encoding   

  12  0:18  Spawning Pool  
  11  0:22  Drone  
  11  0:28  Drone  
  13  0:32  Drone  
  14  0:40  Overlord  
  14  1:04  Zergling x2  
  14  1:05  Zergling x4  
  17  1:16  Zergling x2  
  18  1:19  Hatchery  
  17  1:27  Zergling x2  
  18  1:35  Queen  
  20  1:40  Zergling x2  
  21  1:48  Overlord  
  21  2:00  Drone  
  22  2:10  Drone  
  22  2:12  Queen  
  25  2:22  Drone  
  22  2:31  Drone x2  
  22  2:32  Queen  
  22  2:35  Extractor  
  25  2:42  Drone x2  
  27  2:45  Drone x2  
  29  2:51  Drone  
  29  2:52  Drone  
  29  2:55  Drone  
  32  3:03  Drone  
  34  3:05  Drone  
  34  3:15  Drone  
  34  3:19  Overlord  
  35  3:27  Overlord  
  35  3:38  Drone  
  35  3:39  Drone x4  
  40  3:45  Drone x3  
  42  3:49  Drone  
  42  3:50  Drone, Lair  
  42  3:53  Evolution Chamber  
  43  3:58  Roach Warren  
  43  3:59  Drone x2  
  44  4:05  Overlord  
  44  4:06  Drone  
  44  4:07  Drone  
  46  4:10  Extractor  
  46  4:11  Extractor  
  46  4:13  Drone  
  46  4:16  Evolution Chamber  
  44  4:17  Drone x2  
  44  4:18  Drone  
  44  4:22  Zerg Missile Weapons Level 1  
  47  4:24  Drone  
  47  4:27  Drone  
  47  4:28  Drone  
  47  4:31  Overlord  
  50  4:33  Drone  
  50  4:39  Roach x2  
  50  4:41  Drone  
  50  4:44  Extractor  
  50  4:45  Roach  
  56  4:46  Roach  
  58  4:53  Glial Reconstitution  
  58  4:55  Drone  
  58  4:57  Roach  
  61  5:04  Roach x2, Overlord  
  65  5:14  Overlord  
  65  5:20  Hatchery  
  68  5:21  Roach x2  
  68  5:24  Roach x2  
  72  5:32  Roach x3  
  78  5:39  Overlord  
  78  5:40  Roach x2  
  82  5:48  Roach  
  84  5:52  Overlord  
  84  5:58  Roach  
  84  5:59  Roach x2  
  90  6:07  Roach  
  90  6:09  Overlord  
  92  6:12  Roach x3  
  98  6:22  Roach  
  98  6:24  Overlord  
  100  6:29  Drone  
  100  6:30  Drone x3  
  104  6:35  Roach x2  
  104  6:36  Overlord  
  104  6:42  Roach  
  104  6:43  Roach  
  106  6:47  Drone x2  
  106  6:57  Ravager  
  106  6:58  Ravager  
Tags
 
Add a new tag
Caveats
  • Supply blocks, unpowered buildings, or Contaminate may cause inaccurate times.
  • Supply counts are checked every 10 seconds.